 Dungeon Crawl Stone Soup version 0.30-a0-778-g2ef04afb54 (webtiles) character file.

Game seed: 18045699525284349394

75 Nedwor the Cutter (level 4, 0/34 HPs)
             Began as a Demonspawn Gladiator on Feb 15, 2023.
             Succumbed to an adder's poison
             ... on level 2 of the Dungeon.
             The game lasted 00:01:33 (1653 turns).

Nedwor the Cutter (Demonspawn Gladiator)            Turns: 1653, Time: 00:01:33

Health: 0/34       AC:  4    Str: 16    XL:     4   Next: 11%
Magic:  4/4        EV: 12    Int:  9    God:
Gold:   47         SH:  0    Dex: 15    Spells: 3/3 levels left

rFire   . . .      SeeInvis .    a - +0 rapier
rCold   . . .      Faith    .    (no shield)
rNeg    . . .      Spirit   .    b - +0 leather armour
rPois   .          Reflect  .    c - +0 helmet
rElec   .          Harm     .    (no cloak)
rCorr   .          Rampage  .    (no gloves)
Will    .....                    (no boots)
Stlth   +                        (no amulet)
HPRegen 0.25/turn                (no ring)
MPRegen 0.09/turn                (no ring)

@: lethally poisoned (0 -> -3), flying
A: demonic guardian 1, powered by pain 1
a: no special abilities


You were on level 2 of the Dungeon.
You visited 1 branch of the dungeon, and saw 2 of its levels.

You collected 47 gold pieces.

Inventory:

Hand Weapons
 a - a +0 rapier (weapon)
Missiles
 d - 3 throwing nets (quivered)
 e - a javelin
Armour
 b - a +0 leather armour (worn)
 c - a +0 helmet (worn)
Scrolls
 f - a scroll of vulnerability {unknown}
 g - a scroll of torment {unknown}
 h - 4 scrolls of identify {unknown}
 i - a scroll of fog {unknown}
 k - a scroll of enchant armour {unknown}
 l - a scroll of immolation {unknown}


   Skills:
 + Level 2.6 Fighting
 * Level 3.5 Short Blades
 - Level 1.7 Throwing
 + Level 1.2 Armour
 + Level 3.1 Dodging


You had 3 spell levels left.
You didn't know any spells.
Your spell library contained the following spells:

 Spells                   Type           Power      Damage    Failure   Level
 Cause Fear               Hex            0%         N/A       99%         4
 Dragon Form              Tmut           0%         N/A       100%        7
 Dragon's Call            Summ           0%         N/A       100%        9


Dungeon Overview and Level Annotations

Branches:
Dungeon (2/15)

Altars:
Ru


Innate Abilities, Weirdness & Mutations

A weak demonic guardian rushes to your aid.
You sometimes gain a little power by taking damage.


Message History

You are too injured to fight recklessly!
You are too injured to fight recklessly!
You are too injured to fight recklessly!
You are too injured to fight recklessly!
You are too injured to fight recklessly!
You are too injured to fight recklessly!
Unknown command.
You feel sick. The adder barely misses you.
You feel sick.
You feel sick. The adder closely misses you.
The adder attacks as you move away! The adder bites you.
* * * LOW HITPOINT WARNING * * *
You feel sick. The adder completely misses you.
The frilled lizard attacks as you move away!
The frilled lizard bites you but does no damage.
You feel sick. The adder attacks as you move away! The adder misses you.
The frilled lizard attacks as you move away!
The frilled lizard bites you but does no damage.
You feel sick.
It was a potion of flight.
You feel very buoyant.
You fly up into the air.
You feel sick. The adder bites you.
* * * LOW HITPOINT WARNING * * *
A demonic guardian appears!
You hit the adder.
You kill the adder!
You feel sick.
You are no longer poisoned.
You have reached level 4!
You feel agile. The adder completely misses you. The adder bites you.
* * * LOW HITPOINT WARNING * * *
You are lethally poisoned!
The adder poisons you!
* * * LOW HITPOINT WARNING * * *
You feel sick.
Your shadow imp closely misses the adder.
You closely miss the adder.
You die...

#......#.....# .
#......#.###.####.
#.#.................
##.#........#........
...#........#........ ..#
#...##.#........ ..#
#......#.#'####.
####.###......#.....##.
####....#@...............>
###......g#S................
##.......S.l5................
#..........#..........>......
..####)###.#................#
... #.#..........#...#..
#.... #.#.......#......#.#
#.... #.#.......+......#.#
.....: ..#.##.#+##........#


You could see an adder (ally target), a frilled lizard and a friendly shadow imp
(summoned).

Vanquished Creatures
  3 adders (D:2)
  2 dart slugs (D:2)
  5 bats
  4 endoplasms
  2 giant cockroaches (D:1)
  4 goblins
  5 hobgoblins
  2 kobolds (D:1)
  2 quokkas (D:1)
  5 ball pythons
  5 frilled lizards
  2 rats
41 creatures vanquished.

Vanquished Creatures (others)
  15 plants (D:1)
15 creatures vanquished.

Grand Total: 56 creatures vanquished

Notes
Turn   | Place    | Note
-------+----------+-------------------------------------------
     0 | D:1      | Nedwor the Demonspawn Gladiator began the quest for the
                  | Orb.
     0 | D:1      | Reached XP level 1. HP: 16/16 MP: 1/1
   386 | D:1      | Gained mutation: You sometimes gain a little power by
                  | taking damage. [demonic ancestry]
   386 | D:1      | Reached XP level 2. HP: 22/22 MP: 2/2
   609 | D:1      | Gained mutation: A weak demonic guardian rushes to your
                  | aid. [demonic ancestry]
   609 | D:1      | Reached XP level 3. HP: 27/28 MP: 3/3
  1287 | D:2      | Reached skill level 1 in Armour
  1411 | D:2      | Found a sacrificial altar of Ru.
  1651 | D:2      | Reached XP level 4. HP: 3/34 MP: 4/4
  1651 | D:2      | HP: 1/34 [adder (2)]
  1653 | D:2      | Succumbed to an adder's poison

Illustrated notes

Levels and vault maps discovered:
D:1:      roderic_crop_circles_arrival_small, layout_loops_ring,
          minmay_misc_feat_columns, minmay_unequal
D:2:      minmay_recursive_quarters, layout_basic, serial_glass,
          glass_columns_a, glass_columns_b, glass_columns_b, glass_columns_a,
          basic_altar, minivault_26, nicolae_figureground_pulse

Skill      XL: |  1  2  3 |
---------------+----------+-----
Short Blades   | 3 |  3.5
Dodging        | 3 |  3.1
Armour         | 1 |  1.2
Fighting       | |  2.6
Throwing       | |  1.7

Action                     |  1- 3 |  4- 6 || total
---------------------------+-------+-------++-------
  Melee: Rapier            |   146 |     1 ||   147
         Punch             |     1 |       ||     1
    Use: Potion            |     1 |       ||     1
   Stab: Sleeping          |     2 |       ||     2
 Armour: Leather armour    |    55 |       ||    55
  Dodge: Dodged            |   115 |     1 ||   116

Table legend: (Time is in decaauts)
 A = Elapsed time spent in this place.
 B = Non-inter-level travel time spent in this place.
 C = Inter-level travel time spent in this place.
 D = Time resting spent in this place.
 E = Time spent auto-exploring this place.
 F = Levels seen in this place.
 G = Mean time per level.
                   A        B        C        D        E       F      G
               +--------+--------+--------+--------+--------+-----+--------+
         Total |   1660 |   1643 |     17 |    177 |   1173 |   2 |  830.0 |
       Dungeon |   1660 |   1643 |     17 |    177 |   1173 |   2 |  830.0 |
               +--------+--------+--------+--------+--------+-----+--------+

Top non-repeatable levels by time:
     D:1: 1128 daAuts
     D:2: 531 daAuts
